 Dungeon Crawl Stone Soup version 0.19.0-11-g3fc08b3 (webtiles) character file.

119 tv1990 the Cudgeler (level 5, -2/37 HPs)
             Began as a Formicid Arcane Marksman on Nov 9, 2016.
             Slain by a gnoll
             ... wielding a +0 spear
              (6 damage)
             ... on level 2 of the Dungeon.
             The game lasted 00:05:48 (1557 turns).

tv1990 the Cudgeler (Formicid Arcane Marksman)      Turns: 1557, Time: 00:05:49

Health: -2/37      AC:  6    Str: 16    XL:     5   Next: 24%
Magic:  6/6        EV:  9    Int: 12    God:
Gold:   83         SH:  0    Dex: 11    Spells: 1 memorised, 5 levels left

rFire  . . .     SeeInvis +     m - +0 whip
rCold  . . .     Gourm    .     r - +0 scale mail
rNeg   . . .     Faith    .     (no shield)
rPois  .         Spirit   .     (helmet unavailable)
rElec  .         Reflect  .     (no cloak)
rCorr  .         Harm     .     (no gloves)
MR     .....                    (no boots)
Stlth  ..........               (no amulet)
                                (no ring)
                                p - ring of teleportation (curse)

@: very slightly contaminated, invisible
A: permanent stasis, dig shafts and tunnels, four strong arms, antennae 3
a: Dig, Shaft Self


You were on level 2 of the Dungeon.
You were not hungry.

You visited 1 branch of the dungeon, and saw 2 of its levels.

You collected 83 gold pieces.

Inventory:

Hand Weapons
 a - a +0 hand crossbow
 j - a +0 spear
 m - a +0 whip (weapon)
Missiles
 d - 16 bolts
Armour
 b - a +0 ring mail
 e - a +0 robe
 r - a +0 scale mail (worn)
Jewellery
 p - a cursed ring of teleportation (left hand)
Scrolls
 g - a scroll of fear {unknown}
 i - a scroll of magic mapping {unknown}
 k - a scroll of enchant armour {unknown}
 n - a scroll of remove curse {unknown}
 q - a scroll of enchant weapon {unknown}
Potions
 l - 2 potions of invisibility
Books
 c - a book of Debilitation

   Spells                             Type                      Level
   a - Corona                         Hexes                        1
   b - Slow                           Hexes                        2
   c - Gell's Gravitas                Hexes/Translocation          3
   d - Inner Flame                    Hexes/Fire                   3
   e - Cause Fear                     Hexes                        4
   f - Leda's Liquefaction            Hexes/Earth                  4
Comestibles
 f - a bread ration
 h - 3 meat rations
 o - 5 chunks of flesh


   Skills:
 - Level 1.1 Fighting
 + Level 3.7 Maces & Flails
 - Level 1.9 Polearms
 - Level 2.2 Crossbows
 - Level 1.7 Dodging
 - Level 1.1 Spellcasting
 - Level 3.6 Hexes


You had 5 spell levels left.
You knew the following spells:

 Your Spells              Type           Power        Failure   Level  Hunger
a - Corona                Hex            #......      30%         1    ##.....


Dungeon Overview and Level Annotations

Branches:
Dungeon (2/15)

Altars:


Innate Abilities, Weirdness & Mutations

You are under a permanent stasis effect.
You can dig through walls and to a lower floor.
Your four strong arms can wield two-handed weapons with a shield.
You have a pair of large antennae on your head. (SInv)


Message History

The gnoll is moderately wounded.
The gnoll hits you with a spear.
* * * LOW HITPOINT WARNING * * *
You hit the gnoll but do no damage.
The gnoll is moderately wounded.
The gnoll barely misses you.
You closely miss the gnoll.
The gnoll is moderately wounded.
The gnoll closely misses you.
It was a potion of invisibility.
You fade into invisibility!
The gnoll closely misses you.
You are very lightly contaminated with residual magic.
You barely miss the gnoll.
The gnoll is moderately wounded.
The gnoll barely misses you.
You hit the gnoll but do no damage.
The gnoll is moderately wounded.
The gnoll hits you with a spear.
You die...

# #. #.# # ####.###
#######.# ... ..#
#.......# #..#.#
#.####### #####.#
#..#.###.# .........
#........#
..#.#.##.g#.##.##..#
..# ...g.g##.#####
..# #....g..#@# #.#
##.#####g## .. ###
.## .#


You could see a gnoll.

Vanquished Creatures
  Ijyb (D:2)
  3 gnolls (D:2)
  2 adders (D:2)
  An ooze (D:1)
  A worm (D:2)
  A dart slug (D:2)
  3 bats
  2 giant cockroaches
  9 goblins
  4 hobgoblins
  3 jackals (D:2)
  6 kobolds
  2 rats (D:1)
38 creatures vanquished.

Notes
Turn   | Place    | Note
-------+----------+-------------------------------------------
     0 | D:1      | tv1990 the Formicid Arcane Marksman began the quest for the Orb.
     0 | D:1      | Reached XP level 1. HP: 15/15 MP: 2/2
   339 | D:1      | Reached skill level 1 in Polearms
   339 | D:1      | Reached XP level 2. HP: 21/21 MP: 3/3
   663 | D:1      | Reached XP level 3. HP: 23/26 MP: 4/4
   824 | D:2      | Reached skill level 1 in Maces & Flails
   856 | D:2      | Noticed Ijyb
  1062 | D:2      | Reached XP level 4. HP: 17/32 MP: 5/5
  1376 | D:2      | Killed Ijyb
  1511 | D:2      | Reached XP level 5. HP: 35/37 MP: 6/6
  1557 | D:2      | Slain by a gnoll

Skill      XL: |  1  2  3  4 |
---------------+-------------+-----
Polearms       | 1 |  1.9
Maces & Flails | 2 3 |  3.7
Fighting       | |  1.1
Crossbows      | |  2.2
Dodging        | |  1.7
Spellcasting   | |  1.1
Hexes          | |  3.6

Action                   |  1- 3 |  4- 6 || total
-------------------------+-------+-------++-------
Melee: Unarmed           |    23 |       ||    23
       Spear             |    50 |       ||    50
       Whip              |    55 |    72 ||   127
 Fire: Hand crossbow     |     6 |    11 ||    17
 Abil: Dig               |     1 |     2 ||     3
  Use: Potion            |       |     1 ||     1
  Eat: Chunk             |     1 |     2 ||     3
Armor: Robe              |    10 |       ||    10
       Ring mail         |    22 |     2 ||    24
       Scale mail        |       |    22 ||    22
Dodge: Dodged            |    74 |    32 ||   106

Table legend:
 A = Turns spent in this place as a percentage of turns spent in the entire game.
 B = Non-inter-level travel turns spent in this place as a percentage of non-inter-level travel turns spent in the entire game.
 C = Inter-level travel turns spent in this place as a percentage of turns spent in this place.
 D = Turns resting spent in this place as a percentage of non-inter-level travel turns spent in this place.
 E = Turns spent auto-exploring this place as a percentage of non-inter-level travel turns spent in this place.
 F = Non-inter-level travel turns spent in this place divided by the number of levels of this place that you've seen.
                   A       B       C       D       E      F
               +-------+-------+-------+-------+-------+----------------------
         Total | 100.0 | 100.0 |   0.2 |   4.7 |  12.4 | 221.5
       Dungeon | 100.0 | 100.0 |   0.2 |   4.7 |  12.4 | 221.5
               +-------+-------+-------+-------+-------+----------------------

Table legend:
 A = Kills in this place as a percentage of kills in entire the game.
 B = Kills by you in this place as a percentage of kills by you in the entire game.
 C = Kills by friends in this place as a percentage of kills by friends in the entire game.
 D = Other kills in this place as a percentage of other kills in the entire game.
 E = Experience gained in this place as a percentage of experience gained in the entire game.
 F = Experience gained in this place divided by the number of levels of this place that you have seen.
                   A       B       C       D       E      F
               +-------+-------+-------+-------+-------+----------------------
         Total | 100.0 | 100.0 |  -nan |  -nan | 100.0 |  85.5
       Dungeon | 100.0 | 100.0 |  -nan |  -nan | 100.0 |  85.5
               +-------+-------+-------+-------+-------+----------------------

Vault maps used:
D:1:      lightli_arrival_statuegarden
D:2:      kennysheep_the_goblin_king, first_bread
